 Dungeon Crawl Stone Soup version 0.19-a0-200-gccd4ce3 (webtiles) character file.

60 DarthKuruptios the Skirmisher (level 3, 0/29 HPs)
             Began as a Demonspawn Berserker on May 20, 2016.
             Was a Believer of Trog.
             Slain by an ufetubus (5 damage)
             ... summoned by the player character
             ... on level 2 of the Dungeon on May 23, 2016.
             The game lasted 00:07:26 (1684 turns).

DarthKuruptios the Skirmisher (DsBe)                Turns: 1684, Time: 00:07:27

Health: 0/29       AC:  3    Str: 17    XL:     3   Next: 82%
Magic:  3/3        EV: 12    Int:  8    God:    Trog [**....]
Gold:   98         SH:  0    Dex: 13    Spells: 0 memorised, 2 levels left

rFire  . . .     SeeInvis .     a - +0 hand axe
rCold  . . .     Gourm    .     m - +0 leather armour
rNeg   . . .     Faith    .     (no shield)
rPois  .         Spirit   .     (no helmet)
rElec  .         Dismiss  .     (no cloak)
rCorr  .         Reflect  .     (no gloves)
SustAt .         Harm     .     (no boots)
MR     .....                    (no amulet)
Stlth  +.........               (no ring)
                                (no ring)

@: confused, not resistant to hostile enchantments, very unstealthy
A: demonic guardian 1
a: Berserk, Trog's Hand, Burn Spellbooks, Renounce Religion


You were on level 2 of the Dungeon.
You worshipped Trog.
Trog was pleased with you.
You were hungry.

You visited 1 branch of the dungeon, and saw 2 of its levels.

You collected 98 gold pieces.

Inventory:

Hand Weapons
 a - a +0 hand axe (weapon)
Armour
 m - a +0 leather armour (worn)
Jewellery
 d - a cursed -2 ring of evasion {unknown}
Wands
 j - a wand of iceblast (5/15)
Scrolls
 g - a scroll of immolation {unknown}
 h - a scroll of magic mapping {unknown}
 i - 2 scrolls of identify {unknown}
 k - a scroll of fear {unknown}
Potions
 e - a potion of curing {unknown}
 f - a potion of lignification {unknown}
 l - a potion of heal wounds {unknown}
Comestibles
 c - 2 bread rations


   Skills:
 + Level 3.3 Fighting
 + Level 3.1 Axes
 + Level 1.7 Armour
 + Level 3.0 Dodging
 + Level 0.8 Stealth


You had 2 spell levels left.
You didn't know any spells.

Dungeon Overview and Level Annotations

Branches:
Dungeon (2/15)

Altars:

Annotations:
D:2 Ijyb


Innate Abilities, Weirdness & Mutations

A weak demonic guardian rushes to your aid.


Message History

Are you sure you want to stumble around while confused and next to your iron imp?
You hit Ijyb.
Ijyb is lightly wounded.
You barely miss the ufetubus.
The ufetubus is severely wounded.
The ufetubus closely misses you. x2; Ijyb zaps a wand.
You resist with significant effort.
Your iron imp hits the ufetubus.
The ufetubus closely misses you. The ufetubus misses you.
Ijyb barely misses you.
Are you sure you want to stumble around while confused and next to your iron imp?
You closely miss the ufetubus.
The ufetubus is almost dead.
You closely miss Ijyb.
Ijyb is lightly wounded.
The ufetubus closely misses you. The ufetubus hits you.
* * * LOW HITPOINT WARNING * * *
Your iron imp misses the ufetubus.
Ijyb zaps a wand.
You resist with significant effort. The ufetubus misses you.
The ufetubus hits you.
You die...

#...# # #...# #.. #
####...#######.. #
................ #
#[.....# #.# # # +......#
#.#####.# #......#
#........ #..g5..+ #....#
#...@5.# #....+ .
##'#.....##....# #.#
#.#.######....# #..
#.#.##.###.(..# #.
#.#.......)###### #.
######.########......###.
...............'......'...
############.###......###.
#.# ######## ##


You could see Ijyb, an ufetubus and a friendly iron imp.

Vanquished Creatures
  3 adders (D:2)
  A worm (D:2)
  4 giant cockroaches
  2 goblins
  7 hobgoblins
  3 bats
  3 giant newts (D:1)
  6 kobolds
  3 rats
32 creatures vanquished.

Notes
Turn   | Place    | Note
--------------------------------------------------------------
     0 | D:1      | DarthKuruptios the Demonspawn Berserker began the quest for the Orb.
     0 | D:1      | Reached XP level 1. HP: 18/18 MP: 1/1
   445 | D:1      | Gained mutation: A weak demonic guardian rushes to your aid. [demonic ancestry]
   445 | D:1      | Reached XP level 2. HP: 22/24 MP: 2/2
   707 | D:1      | Upgraded the game from 0.19-a0-160-gd53b84c to 0.19-a0-197-gddc32c1
   707 | D:1      | Upgraded the game from 0.19-a0-197-gddc32c1 to 0.19-a0-200-gccd4ce3
   939 | D:2      | Reached XP level 3. HP: 26/29 MP: 3/3
  1263 | D:2      | Reached ** piety under Trog
  1670 | D:2      | Noticed Ijyb
  1684 | D:2      | Slain by an ufetubus

Vault maps used:
D:1:      nagdon_arrival_double_spiral
D:2:      uniq_iyjb

Skill      XL: |  1  2  3 |
---------------+----------+-----
Axes           | 3 |  3.1
Dodging        | 2 3 |  3.0
Fighting       | |  3.3
Armour         | |  1.7
Stealth        | |  0.8

Action                   || total
-------------------------++-------
Melee: Hand axe          ||   118
 Stab: Sleeping          ||     4
  Eat: Chunk             ||     2
Armor: Animal skin       ||    20
       Leather armour    ||    10
Dodge: Dodged            ||   101
